Map: [ESL] Stargazers

Players

NightMare

  • Race: Protoss Protoss
  • Spawn Location: 11:00

Astrea - Winner!

  • Race: Protoss Protoss
  • Spawn Location: 1:00

Event: DreamHack SC2 Masters 2022 Valencia

VOD

Have the link to the VOD?

Description

Time

  • Played on: July 1, 2022, 1:09 p.m.
  • Length: 11:11

All games in this series

Show
View Real Time Build Order
Export as new Build Order

NightMare Protoss 

Build Orders: Oracle Opening 

Get SALT Encoding   

  12  0:00  Probe  
  13  0:12  Probe  
  14  0:17  Pylon  
  14  0:24  Probe (Chrono Boost)  
  15  0:36  Probe (Chrono Boost)  
  15  0:37  Gateway  
  16  0:44  Probe (Chrono Boost)  
  16  0:49  Assimilator  
  17  0:51  Probe  
  18  0:58  Assimilator  
  18  1:03  Probe (Chrono Boost)  
  19  1:08  Gateway  
  19  1:12  Probe (Chrono Boost)  
  19  1:17  Probe (Chrono Boost)  
  20  1:25  Cybernetics Core  
  21  1:29  Probe  
  22  1:41  Probe  
  22  1:43  Pylon  
  23  2:01  Probe  
  23  2:02  Stargate  
  23  2:04  Adept  
  23  2:08  Adept  
  28  2:13  Probe  
  28  2:15  Warp Gate  
  29  2:21  Pylon  
  29  2:41  Stalker  
  33  2:49  Oracle (Chrono Boost)  
  33  3:04  Nexus  
  33  3:12  Stalker  
  35  3:19  Stalker  
  37  3:22  Probe  
  36  3:35  Probe  
  36  3:47  Probe  
  37  3:49  Twilight Council  
  37  3:59  Probe  
  38  4:08  Pylon  
  38  4:11  Probe  
  38  4:15  Gateway  
  40  4:17  Probe  
  40  4:18  Stalker x2  
  40  4:23  Probe  
  45  4:27  Blink (Chrono Boost)  
  45  4:29  Probe  
  46  4:37  Probe  
  47  4:41  Probe  
  48  4:49  Stalker, Probe  
  48  4:50  Stalker  
  53  4:53  Probe  
  54  5:01  Probe  
  54  5:03  Pylon  
  54  5:05  Probe  
  56  5:17  Nexus  
  56  5:22  Sentry  
  56  5:23  Stalker  
  56  5:24  Probe  
  56  5:26  Probe  
  62  5:31  Assimilator  
  62  5:35  Pylon  
  62  5:40  Gateway  
  62  5:43  Gateway  
  62  5:50  Probe, Gateway  
  62  5:53  Probe  
  64  6:03  Probe  
  65  6:04  Stalker x2  
  65  6:05  Probe  
  65  6:08  Stalker  
  72  6:13  Pylon  
  72  6:19  Probe x2  
  74  6:31  Stalker x2  
  74  6:32  Stalker  
  78  6:35  Probe x2  
  78  6:39  Stalker  
  82  6:40  Stalker  
  82  6:45  Probe  
  85  6:49  Stalker  
  87  6:57  Probe  
  87  7:00  Stalker x2  
  87  7:01  Stalker  
  94  7:04  Stalker  
  93  7:11  Stalker  
  93  7:14  Probe (Chrono Boost)  
  93  7:15  Probe (Chrono Boost)  
  91  7:26  Probe (Chrono Boost)  
  91  7:27  Probe (Chrono Boost)  
  91  7:29  Pylon  
  93  7:31  Gateway  
  93  7:32  Gateway  
  93  7:33  Probe x2 (Chrono Boost)  
  95  7:40  Stalker x2  
  95  7:41  Stalker  
  101  7:46  Pylon x2  
  101  7:47  Probe x2  
  103  8:01  Stalker x3  
  103  8:04  Pylon  
  103  8:05  Stalker x2  
  113  8:07  Stalker  
  113  8:09  Probe  
  113  8:10  Probe  
  117  8:14  Oracle (Chrono Boost)  
  117  8:19  Forge  
  115  8:28  Probe  
  113  8:37  Stalker  
  113  8:40  Nexus, Pylon  
  111  8:58  Protoss Ground Weapons Level 1 (Chrono Boost)  
  111  9:01  Zealot  
  113  9:04  Stalker x3  
  119  9:16  Pylon  
  119  9:17  Pylon  
  119  9:20  Pylon  
  119  9:24  Photon Cannon  
  119  9:34  Probe (Chrono Boost)  
  119  9:36  Oracle (Chrono Boost)  
  122  9:40  Probe x2 (Chrono Boost)  
  122  9:44  Probe (Chrono Boost)  
  123  9:48  Probe x2 (Chrono Boost)  
  123  9:49  Photon Cannon, Probe (Chrono Boost)  
  123  9:52  Stalker x3  
  133  10:00  Probe (Chrono Boost)  
  133  10:07  Probe (Chrono Boost)  
  133  10:11  Probe x2 (Chrono Boost)  
  133  10:19  Stalker x2  
  133  10:20  Stalker x4  
  143  10:23  Stalker  
  143  10:27  Stalker  
  134  10:49  Pylon x2  
  96  10:59  Stalker x4  
Show
View Real Time Build Order
Export as new Build Order

Astrea Protoss - Winner!

Build Orders: Nexus First 

Get SALT Encoding   

  12  0:00  Probe  
  13  0:12  Probe  
  14  0:17  Pylon  
  14  0:24  Probe  
  15  0:36  Probe  
  16  0:48  Probe  
  17  0:59  Nexus  
  17  1:09  Gateway  
  17  1:13  Probe (Chrono Boost)  
  18  1:18  Assimilator  
  18  1:25  Probe (Chrono Boost)  
  19  1:28  Assimilator  
  19  1:30  Probe (Chrono Boost)  
  20  1:39  Probe  
  21  1:43  Gateway  
  21  1:51  Probe  
  22  1:57  Cybernetics Core  
  22  2:04  Probe (Chrono Boost)  
  23  2:13  Probe (Chrono Boost)  
  24  2:21  Probe (Chrono Boost)  
  26  2:23  Probe (Chrono Boost)  
  26  2:28  Probe x2 (Chrono Boost)  
  27  2:30  Stalker x2 (Chrono Boost)  
  27  2:34  Warp Gate  
  32  2:39  Probe  
  32  2:40  Probe  
  34  2:47  Pylon  
  34  2:54  Stalker  
  38  3:02  Stalker  
  38  3:04  Shield Battery  
  38  3:05  Shield Battery  
  38  3:07  Probe  
  38  3:09  Probe  
  40  3:15  Pylon  
  40  3:19  Probe  
  40  3:21  Probe  
  40  3:32  Probe (Chrono Boost)  
  35  3:34  Probe (Chrono Boost)  
  33  3:47  Probe (Chrono Boost)  
  33  3:50  Probe (Chrono Boost)  
  33  3:53  Twilight Council, Probe (Chrono Boost)  
  34  3:56  Probe (Chrono Boost)  
  34  4:01  Probe  
  36  4:07  Gateway  
  36  4:08  Probe  
  37  4:13  Probe  
  38  4:20  Probe  
  38  4:21  Blink (Chrono Boost)  
  38  4:22  Stalker x2  
  43  4:25  Probe  
  43  4:27  Pylon  
  44  4:32  Probe  
  44  4:37  Probe  
  46  4:44  Probe  
  46  4:45  Robotics Facility  
  47  4:48  Stalker  
  47  4:49  Probe  
  50  4:54  Pylon  
  50  4:56  Probe  
  50  4:59  Stalker  
  53  5:01  Probe  
  53  5:05  Assimilator  
  54  5:08  Probe  
  54  5:13  Probe  
  56  5:18  Stalker x2  
  56  5:20  Probe  
  61  5:22  Assimilator  
  61  5:27  Probe  
  61  5:28  Stalker, Pylon  
  62  5:32  Observer (Chrono Boost)  
  62  5:34  Probe  
  66  5:43  Stalker  
  66  5:46  Stalker  
  66  5:49  Warp Prism  
  70  5:55  Stalker  
  74  6:08  Nexus  
  74  6:17  Stalker x2  
  78  6:24  Pylon  
  78  6:28  Pylon  
  78  6:42  Stalker x3, Probe x2  
  85  6:48  Dark Shrine  
  85  6:49  Robotics Bay  
  85  6:52  Forge  
  85  6:54  Probe  
  84  7:13  Probe x2  
  86  7:20  Stalker x3  
  86  7:21  Probe  
  93  7:23  Shield Battery  
  93  7:24  Shield Battery  
  93  7:27  Probe  
  95  7:32  Disruptor (Chrono Boost), Photon Cannon  
  95  7:33  Pylon  
  95  7:34  Protoss Ground Weapons Level 1 (Chrono Boost)  
  97  7:40  Photon Cannon  
  97  7:44  Probe x2  
  97  7:45  Probe  
  97  7:49  Robotics Facility  
  100  7:56  Probe x2  
  100  7:57  Probe  
  101  8:01  Pylon, Dark Templar x2  
  105  8:07  Dark Templar  
  105  8:10  Photon Cannon, Probe  
  108  8:15  Probe  
  105  8:26  Disruptor (Chrono Boost), Probe  
  104  8:31  Probe x2  
  109  8:34  Assimilator  
  109  8:35  Stalker x2  
  109  8:36  Pylon  
  109  8:38  Probe  
  114  8:43  Probe  
  114  8:44  Probe  
  114  8:46  Assimilator  
  116  8:50  Probe  
  116  8:54  Disruptor (Chrono Boost)  
  121  8:55  Probe  
  121  8:59  Disruptor (Chrono Boost)  
  121  9:00  Photon Cannon  
  121  9:02  Pylon  
  123  9:03  Pylon  
  122  9:11  Gateway  
  122  9:13  Gateway  
  122  9:16  Gateway, Dark Templar  
  124  9:22  Stalker x2  
  128  9:27  Observer (Chrono Boost)  
  128  9:30  Gravitic Boosters  
  127  9:32  Nexus  
  127  9:34  Disruptor (Chrono Boost)  
  130  9:45  Disruptor  
  130  9:49  Stalker x2  
  130  9:50  Stalker, Pylon  
  139  9:58  Pylon  
  139  10:01  Pylon  
  138  10:19  Dark Templar  
  138  10:21  Stalker x5  
  146  10:25  Disruptor  
  141  10:47  Stalker x5  
  141  10:48  Probe x3  
  141  10:49  Probe  
  140  10:58  Stalker  

Tags
 
Add a new tag
Caveats
  • Supply blocks, unpowered buildings, or Contaminate may cause inaccurate times.
  • Supply counts are checked every 10 seconds.